 Dungeon Crawl Stone Soup version 0.29.0-4-gdea44cf6ec (webtiles) character file.

Game seed: 9234117915034470337

4657 qw the Cleaver (level 10, 0/59 HPs)
             Began as a Tengu Warper on Aug 28, 2022.
             Was a Follower of Okawaru.
             Slain by a hornet (4 damage)
             ... on level 9 of the Dungeon.
             The game lasted 00:01:03 (10406 turns).

qw the Cleaver (Tengu Warper)                      Turns: 10406, Time: 00:01:04

Health: 0/59       AC: 20    Str: 14 (16) XL:     10   Next: 43%
Magic:  12/14      EV:  7    Int: 13      God:    Okawaru [*.....]
Gold:   585        SH: 15    Dex: 14      Spells: 13/13 levels left

rFire   . . .      SeeInvis .   Y - +0 war axe (vorpal)
rCold   . . .      Faith    .   e - +3 kite shield of Puont {rElec Stlth+}
rNeg    . . .      Spirit   .   m - +0 plate armour
rPois   .          Reflect  .   (helmet restricted)
rElec   +          Harm     .   h - +0 cloak
rCorr   +          Rampage  .   (no gloves)
Will    .....                   (boots unavailable)
Stlth   ..........              (no amulet)
HPRegen 0.19/turn               d - +4 ring of protection
MPRegen 0.14/turn               n - ring of resist corrosion

@: lethally poisoned (0 -> -7), heroic, flying quickly and evasively, slowed,
very slow
A: beak, talons 3, nimble flight
a: Renounce Religion, Heroism


You were on level 9 of the Dungeon.
You worshipped Okawaru.
Okawaru was aware of your devotion.
You visited 2 branches of the dungeon, and saw 10 of its levels.

You collected 585 gold pieces.


Innate Abilities, Weirdness & Mutations

You have a beak for a mouth.
You have claws for feet.
Your magical nature lets you fly swiftly and evasively.


   Skills:
 - Level 5.0(10.0) Fighting
 - Level 12.1(17.1) Axes
 - Level 1.0(6.0) Throwing
 + Level 5.3(10.3) Armour
 - Level 3.1(8.1) Dodging
 - Level 7.0(12.0) Shields
 - Level 2.0 Spellcasting
 - Level 2.4 Translocations
 + Level 1.7 Invocations


You had 13 spell levels left.
You didn't know any spells.
Your spell library contained the following spells:

 Spells                   Type           Power      Damage    Failure   Level
 Blink                    Tloc           14%        N/A       100%        2
 Gell's Gravitas          Tloc           7%         N/A       100%        3
 Lesser Beckoning         Tloc           7%         N/A       100%        3
 Teleport Other           Tloc           7%         N/A       100%        3
 Manifold Assault         Tloc           7%         N/A       100%        5

Inventory:

Hand Weapons
 t - a +0 morningstar
 Y - a +0 vorpal war axe (weapon)
Armour
 e - the +3 kite shield of Puont (worn) {rElec Stlth+}
   (You found it on level 7 of the Dungeon)

   rElec:     It insulates you from electricity.
   Stlth:     It makes you more stealthy.
 h - a +0 cloak (worn)
 m - a +0 plate armour (worn)
Jewellery
 d - a +4 ring of protection (left hand)
 n - a ring of resist corrosion (right hand)
Scrolls
 b - a scroll of identify
Potions
 f - 2 potions of resistance
 g - 2 potions of might
 i - a potion of haste
 k - a potion of mutation
 l - a potion of magic {unknown}
 o - a potion of flight {unknown}
 r - 4 potions of curing

Dungeon Overview and Level Annotations

Branches:
Dungeon (9/15)             Temple (1/1) D:5
   Lair: D:8-11         Orc: D:9-12

Altars:
Ashenzari
Cheibriados
Dithmenos
Elyvilon
Fedhas
Gozag
Hepliaklqana
Kikubaaqudgha
Makhleb
Nemelex Xobeh
Okawaru
Qazlal
Ru
Sif Muna
Trog
Uskayaw
Vehumet
Wu Jian
Xom
Yredelemnul
Zin

Shops:
D:4 [

Annotations:
D:5 3 runed translucent doors, qw's ghost, amateur TeWr


Message History

You closely miss the hornet. Your peck misses the hornet.
The hornet stings you.
You suddenly lose the ability to move!
The hornet completely misses you.
The hornet stings you but does no damage.
The hornet stings you!
You feel yourself slow down.
The hornet stings you but does no damage.
You can move again.
You barely miss the hornet. Your peck misses the hornet.
You feel yourself speed up. You block the hornet's attack.
The hornet stings you.
You feel yourself slow down.
You barely miss the hornet. Your kick misses the hornet.
You block the hornet's attack. The hornet barely misses you.
You closely miss the hornet. Your kick misses the hornet.
You feel yourself speed up.
You block the hornet's attack. x2; The hornet stings you!
You are poisoned.
You feel yourself slow down.
10402 ||| INVOKING Heroism.
You gain the combat prowess of a mighty hero.
You feel yourself speed up.
You feel very sick. The hornet stings you!
You are more poisoned.
You suddenly lose the ability to move!
The hornet stings you but does no damage.
You feel very sick.
The hornet stings you but does no damage.
You can move again.
You miss the hornet. Your kick misses the hornet.
You feel very sick. You block the hornet's attack.
The hornet closely misses you.
You hit the hornet. You claw the hornet.
The hornet is moderately wounded.
You feel sick. The hornet stings you!
You feel yourself slow down.
You slash the hornet! You claw the hornet, but do no damage.
The hornet is severely wounded.
You feel very sick. You block the hornet's attack. The hornet stings you.
You die...

#### ...#
...# #..#
##########..#
..........y.#
..........@.#
............#
............#
............#
............#
......)))...#
......).....#
............#
##########..#


You could see a hornet.

Vanquished Creatures
  Grinder (D:4)
  Sigmund (D:4)
  2 wyverns
  A steam dragon (D:6)
  Menkaure (D:4)
  3 wargs (D:9)
  2 water moccasins
  2 sky beasts
  2 black bears
  2 ice beasts
  A centaur (D:8)
  3 ogres
  3 phantoms
  A kobold brigand (D:6)
  7 bullfrogs
  2 gnoll sergeants
  4 scorpions
  3 wights (D:8)
  3 howler monkeys
  A jelly (D:8)
  5 orc priests
  2 hounds
  6 iguanas
  Natasha (thrice) (D:3)
  8 orc wizards
  9 gnolls
  9 adders
  A shadow imp (D:7)
  2 white imps
  An ufetubus (D:7)
  2 worms
  3 dart slugs (D:1)
  32 orcs
  3 bats
  7 endoplasms
  2 giant cockroaches
  12 goblins
  7 hobgoblins
  3 jackals
  3 quokkas
  5 ball pythons
  4 frilled lizards
  9 kobolds
  2 rats
185 creatures vanquished.

Notes
Turn   | Place    | Note
-------+----------+-------------------------------------------
     0 | D:1      | qw the Tengu Warper began the quest for the Orb.
     0 | D:1      | Reached XP level 1. HP: 12/12 MP: 4/4
     0 | D:1      | 0 ||| qw: Version: 0.1-a-89-g26bdef1
     0 | D:1      | 0 ||| qw: Game counter: 1657
     0 | D:1      | 0 ||| qw: Always use a shield: true
     0 | D:1      | 0 ||| qw: God list: Okawaru
     0 | D:1      | 0 ||| qw: Allow faded altars: false
     0 | D:1      | 0 ||| qw: Do Orc after D:15 true
     0 | D:1      | 0 ||| qw: Do second Lair branch before Depths: true
     0 | D:1      | 0 ||| qw: Lair rune preference: random
     0 | D:1      | 0 ||| qw: Plans: Normal
     0 | D:1      | 0 ||| PLANNING D:1-11
    62 | D:1      | 62 ||| Stepping ~*~*~tactically~*~*~ (hiding).
   134 | D:1      | 134 ||| Stepping ~*~*~tactically~*~*~ (stealth).
   137 | D:1      | 137 ||| Stepping ~*~*~tactically~*~*~ (stealth).
   141 | D:1      | 141 ||| Stepping ~*~*~tactically~*~*~ (stealth).
   147 | D:1      | 147 ||| Stepping ~*~*~tactically~*~*~ (stealth).
   162 | D:1      | 162 ||| Stepping ~*~*~tactically~*~*~ (stealth).
   164 | D:1      | 164 ||| Stepping ~*~*~tactically~*~*~ (stealth).
   171 | D:1      | Reached skill level 3 in Axes
   171 | D:1      | Reached XP level 2. HP: 17/17 MP: 6/6
   181 | D:1      | 181 ||| Stepping ~*~*~tactically~*~*~ (stealth).
   183 | D:1      | 183 ||| Stepping ~*~*~tactically~*~*~ (stealth).
   214 | D:1      | 214 ||| Stepping ~*~*~tactically~*~*~ (stealth).
   216 | D:1      | 216 ||| Stepping ~*~*~tactically~*~*~ (stealth).
   221 | D:1      | 221 ||| Stepping ~*~*~tactically~*~*~ (stealth).
   226 | D:1      | 226 ||| Stepping ~*~*~tactically~*~*~ (stealth).
   275 | D:1      | 275 ||| Stepping ~*~*~tactically~*~*~ (stealth).
   469 | D:1      | Reached XP level 3. HP: 21/21 MP: 7/7
   605 | D:1      | 605 ||| UPGRADING to +0 scale mail.
   615 | D:1      | 615 ||| DROPPING +0 leather armour.
   616 | D:1      | 616 ||| UPGRADING to +0 cloak.
   621 | D:1      | 621 ||| READING 2 scrolls labelled FEUPROANIR.
   622 | D:1      | 622 ||| READING 2 scrolls labelled LAEMMU POCLEU.
   623 | D:1      | 623 ||| READING scroll labelled VEOH NOINKOMYE.
   628 | D:1      | 628 ||| READING 2 scrolls labelled ENANGUAPNI.
   629 | D:1      | 629 ||| READING scroll labelled GYBOUDGH EHOQORPH.
   630 | D:1      | 630 ||| DROPPING scroll of vulnerability.
   631 | D:1      | 631 ||| DROPPING scroll of blinking.
   632 | D:1      | 632 ||| DROPPING scroll of summoning.
   633 | D:1      | 633 ||| DROPPING scroll of butterflies.
   691 | D:2      | Reached skill level 4 in Axes
   731 | D:2      | Found a faded altar of an unknown god.
   796 | D:2      | Found a broken altar of Ashenzari.
   978 | D:2      | 978 ||| Stepping ~*~*~tactically~*~*~ (stealth).
  1270 | D:2      | Reached XP level 4. HP: 7/26 MP: 8/8
  1270 | D:2      | HP: 6/26 [poisoned by an adder]
  1620 | D:2      | 1620 ||| READING 2 scrolls labelled MUZANIMUZIG.
  1621 | D:2      | 1621 ||| READING scroll labelled JYMIZX DOUTZ.
  2094 | D:3      | Found a radiant altar of Vehumet.
  2122 | D:3      | Noticed Natasha
  2125 | D:3      | Killed Natasha
  2126 | D:3      | Reached skill level 5 in Axes
  2183 | D:3      | Gained mutation: Your magical nature lets you fly swiftly
                  | and evasively. [Tengu growth]
  2183 | D:3      | Reached XP level 5. HP: 27/30 MP: 9/9
  2302 | D:3      | Found a sacrificial altar of Ru.
  2313 | D:3      | Found a stormy altar of Qazlal.
  2342 | D:3      | Noticed Natasha
  2343 | D:3      | 2343 ||| Stepping ~*~*~tactically~*~*~ (hiding).
  2354 | D:3      | Killed Natasha
  2493 | D:3      | Reached skill level 6 in Axes
  2646 | D:3      | Found an ancient bone altar of Kikubaaqudgha.
  2802 | D:3      | 2802 ||| UPGRADING to +0 buckler.
  2807 | D:3      | 2807 ||| READING 4 scrolls labelled ZAAZAU REPLAIXTEN.
  2808 | D:3      | 2808 ||| READING scroll labelled IMEODGH XOXAFOGG.
  2939 | D:3      | 2939 ||| DRINKING 2 purple potions.
  2940 | D:3      | 2940 ||| DRINKING 2 amethyst potions.
  2941 | D:3      | 2941 ||| DRINKING 2 clear potions.
  2942 | D:3      | 2942 ||| READING 2 scrolls of identify.
  2942 | D:3      | 2942 ||| IDENTIFYING fizzy purple potion
  2943 | D:3      | 2943 ||| DROPPING potion of brilliance.
  2944 | D:3      | 2944 ||| DROPPING 3 scrolls of poison.
  2945 | D:3      | 2945 ||| READING scroll of teleportation.
  2974 | D:4      | Noticed Sigmund
  2976 | D:4      | Killed Sigmund
  2977 | D:4      | Reached skill level 3 in Shields
  2977 | D:4      | Reached XP level 6. HP: 35/35 MP: 10/10
  2978 | D:4      | 2978 ||| Stepping ~*~*~tactically~*~*~ (stealth).
  2985 | D:4      | Reached skill level 7 in Axes
  2985 | D:4      | Reached XP level 7. HP: 12/40 MP: 11/11
  2988 | D:4      | 2988 ||| Stepping ~*~*~tactically~*~*~ (stealth).
  2993 | D:4      | 2993 ||| FLEEEEING.
  2995 | D:4      | 2995 ||| STAIRDANCE
  3140 | D:3      | Noticed Natasha
  3141 | D:3      | 3141 ||| Stepping ~*~*~tactically~*~*~ (stealth).
  3142 | D:3      | 3142 ||| Stepping ~*~*~tactically~*~*~ (stealth).
  3151 | D:3      | 3151 ||| FLEEEEING.
  3152 | D:3      | 3152 ||| FLEEEEING.
  3153 | D:3      | 3153 ||| FLEEEEING.
  3154 | D:3      | 3154 ||| FLEEEEING.
  3155 | D:3      | 3155 ||| FLEEEEING.
  3156 | D:3      | 3156 ||| FLEEEEING.
  3157 | D:3      | 3157 ||| FLEEEEING.
  3158 | D:3      | 3158 ||| FLEEEEING.
  3159 | D:3      | 3159 ||| FLEEEEING.
  3160 | D:3      | 3160 ||| FLEEEEING.
  3161 | D:3      | 3161 ||| FLEEEEING.
  3162 | D:3      | 3162 ||| FLEEEEING.
  3163 | D:3      | 3163 ||| FLEEEEING.
  3164 | D:3      | 3164 ||| FLEEEEING.
  3165 | D:3      | 3165 ||| FLEEEEING.
  3172 | D:3      | 3172 ||| FLEEEEING.
  3175 | D:3      | 3175 ||| STAIRDANCE
  3249 | D:3      | Killed Natasha
  3550 | D:4      | Reached skill level 3 in Fighting
  3587 | D:4      | Noticed Menkaure
  3597 | D:4      | Killed Menkaure
  3838 | D:4      | Noticed Grinder
  3851 | D:4      | Killed Grinder
  3852 | D:4      | Reached skill level 8 in Axes
  3852 | D:4      | Reached XP level 8. HP: 32/46 MP: 12/12
  4292 | D:4      | 4292 ||| READING scroll of enchant weapon.
  4292 | D:4      | 4292 ||| ENCHANTING +1 hand axe.
  4306 | D:4      | 4306 ||| Stepping ~*~*~tactically~*~*~ (stealth).
  4307 | D:4      | 4307 ||| Stepping ~*~*~tactically~*~*~ (stealth).
  4310 | D:4      | 4310 ||| Stepping ~*~*~tactically~*~*~ (stealth).
  4311 | D:4      | 4311 ||| Stepping ~*~*~tactically~*~*~ (stealth).
  4388 | D:4      | 4388 ||| Stepping ~*~*~tactically~*~*~ (stealth).
  4408 | D:4      | 4408 ||| Stepping ~*~*~tactically~*~*~ (stealth).
  4410 | D:4      | 4410 ||| Stepping ~*~*~tactically~*~*~ (stealth).
  4412 | D:4      | 4412 ||| Stepping ~*~*~tactically~*~*~ (hiding).
  4450 | D:4      | 4450 ||| Stepping ~*~*~tactically~*~*~ (stealth).
  4452 | D:4      | 4452 ||| Stepping ~*~*~tactically~*~*~ (stealth).
  4454 | D:4      | 4454 ||| Stepping ~*~*~tactically~*~*~ (stealth).
  4456 | D:4      | 4456 ||| Stepping ~*~*~tactically~*~*~ (stealth).
  4457 | D:4      | 4457 ||| Stepping ~*~*~tactically~*~*~ (stealth).
  4469 | D:4      | Reached skill level 9 in Axes
  4474 | D:4      | 4474 ||| Stepping ~*~*~tactically~*~*~ (stealth).
  4475 | D:4      | 4475 ||| DROPPING +0 whip.
  4477 | D:4      | 4477 ||| Stepping ~*~*~tactically~*~*~ (stealth).
  4480 | D:4      | 4480 ||| Stepping ~*~*~tactically~*~*~ (stealth).
  4509 | D:4      | Found Kuen's Armour Boutique.
  4513 | D:4      | 4513 ||| SHOPLISTING +2 cloak of Nises {Dex+5} (416 gold,
                  | have 289).
  4887 | D:4      | 4887 ||| UPGRADING to +0 chain mail.
  4897 | D:4      | 4897 ||| DROPPING +0 scale mail.
  4898 | D:4      | 4898 ||| READING 2 scrolls of identify.
  4898 | D:4      | 4898 ||| IDENTIFYING fuming dark potion
  4899 | D:4      | 4899 ||| DROPPING potion of attraction.
  4926 | D:5      | Entered Level 5 of the Dungeon
  4931 | D:5      | Found a staircase to the Ecumenical Temple.
  4932 | D:5      | 4932 ||| PLANNING TEMPLE
  4932 | D:5      | 4932 ||| Stepping ~*~*~tactically~*~*~ (hiding).
  5048 | Temple   | Entered the Ecumenical Temple
  5118 | Temple   | 5118 ||| PLANNING D:1-11
  5351 | D:5      | Reached skill level 3 in Armour
  5546 | D:5      | Found a runed translucent gate.
  5546 | D:5      | Found a runed translucent gate.
  5546 | D:5      | Found a runed translucent gate.
  5546 | D:5      | Noticed qw's ghost (amateur TeWr)
  6086 | D:5      | 6086 ||| UPGRADING to +0 plate armour.
  6096 | D:5      | 6096 ||| DROPPING +0 chain mail.
  6097 | D:5      | 6097 ||| UPGRADING to +4 ring of protection.
  6098 | D:5      | 6098 ||| READING 2 scrolls of identify.
  6098 | D:5      | 6098 ||| IDENTIFYING fizzy ruby potion
  6099 | D:5      | 6099 ||| DROPPING potion of ambrosia.
  6109 | D:6      | 6109 ||| PLANNING SEWER
  6128 | D:6      | 6128 ||| FLEEEEING.
  6129 | D:6      | 6129 ||| FLEEEEING.
  6275 | D:6      | Found an ornate altar of the Wu Jian Council.
  6276 | D:6      | 6276 ||| Stepping randomly (stuck).
  6278 | D:6      | 6278 ||| Stepping randomly (stuck).
  6279 | D:6      | 6279 ||| Stepping randomly (stuck).
  6281 | D:6      | 6281 ||| Stepping randomly (stuck).
  6291 | D:6      | Reached skill level 10 in Axes
  6398 | D:6      | 6398 ||| Stepping ~*~*~tactically~*~*~ (stealth).
  6402 | D:6      | Reached XP level 9. HP: 52/52 MP: 13/13
  6426 | D:6      | 6426 ||| Stepping ~*~*~tactically~*~*~ (stealth).
  6428 | D:6      | 6428 ||| Stepping ~*~*~tactically~*~*~ (hiding).
  6435 | D:6      | 6435 ||| Stepping randomly (stuck).
  6438 | D:6      | HP: 13/54 [steam dragon] (7)]
  6439 | D:6      | 6439 ||| DRINKING 2 potions of heal wounds.
  6442 | D:6      | 6442 ||| DRINKING potion of heal wounds.
  6449 | D:6      | 6449 ||| FLEEEEING.
  6450 | D:6      | 6450 ||| FLEEEEING.
  6451 | D:6      | 6451 ||| FLEEEEING.
  6452 | D:6      | 6452 ||| FLEEEEING.
  6453 | D:6      | 6453 ||| FLEEEEING.
  6454 | D:6      | 6454 ||| FLEEEEING.
  6455 | D:6      | 6455 ||| FLEEEEING.
  6456 | D:6      | 6456 ||| FLEEEEING.
  6457 | D:6      | 6457 ||| FLEEEEING.
  6458 | D:6      | 6458 ||| FLEEEEING.
  6459 | D:6      | 6459 ||| FLEEEEING.
  6460 | D:6      | 6460 ||| FLEEEEING.
  6461 | D:6      | 6461 ||| FLEEEEING.
  6462 | D:6      | 6462 ||| FLEEEEING.
  6463 | D:6      | 6463 ||| STAIRDANCE
  6621 | D:6      | 6621 ||| STAIRDANCE
  6816 | D:6      | 6816 ||| RIP SEWER
  6833 | D:6      | 6833 ||| PLANNING D:1-11
  6972 | D:6      | 6972 ||| Stepping ~*~*~tactically~*~*~ (stealth).
  6973 | D:6      | 6973 ||| Stepping ~*~*~tactically~*~*~ (stealth).
  6977 | D:6      | 6977 ||| Stepping ~*~*~tactically~*~*~ (stealth).
  7014 | D:6      | 7014 ||| SWAPPING to +0 war axe.
  7015 | D:6      | 7015 ||| DROPPING +2 hand axe.
  7119 | D:6      | 7119 ||| READING scroll of teleportation.
  7214 | D:6      | Reached skill level 11 in Axes
  7231 | D:6      | 7231 ||| Stepping ~*~*~tactically~*~*~ (stealth).
  7570 | D:7      | 7570 ||| Stepping ~*~*~tactically~*~*~ (hiding).
  7676 | D:7      | Reached skill level 12 in Axes
  7681 | D:7      | 7681 ||| Stepping ~*~*~tactically~*~*~ (stealth).
  7682 | D:7      | 7682 ||| STAIRDANCE
  7814 | D:7      | Identified the +3 kite shield of Puont {rElec Stlth+}
  7894 | D:7      | 7894 ||| Stepping ~*~*~tactically~*~*~ (stealth).
  7906 | D:7      | Reached skill level 3 in Dodging
  7906 | D:7      | 7906 ||| FLEEEEING.
  7907 | D:7      | 7907 ||| FLEEEEING.
  7908 | D:7      | 7908 ||| FLEEEEING.
  7909 | D:7      | 7909 ||| FLEEEEING.
  7910 | D:7      | 7910 ||| FLEEEEING.
  7911 | D:7      | 7911 ||| FLEEEEING.
  7912 | D:7      | 7912 ||| FLEEEEING.
  7913 | D:7      | 7913 ||| FLEEEEING.
  7914 | D:7      | 7914 ||| FLEEEEING.
  7915 | D:7      | 7915 ||| FLEEEEING.
  7916 | D:7      | 7916 ||| FLEEEEING.
  7917 | D:7      | 7917 ||| FLEEEEING.
  7918 | D:7      | 7918 ||| FLEEEEING.
  7934 | D:7      | 7934 ||| FLEEEEING.
  7935 | D:7      | 7935 ||| FLEEEEING.
  7936 | D:7      | 7936 ||| FLEEEEING.
  7937 | D:7      | 7937 ||| FLEEEEING.
  7938 | D:7      | 7938 ||| FLEEEEING.
  7939 | D:7      | 7939 ||| FLEEEEING.
  7940 | D:7      | 7940 ||| FLEEEEING.
  7941 | D:7      | 7941 ||| FLEEEEING.
  7942 | D:7      | 7942 ||| FLEEEEING.
  7943 | D:7      | 7943 ||| FLEEEEING.
  7944 | D:7      | 7944 ||| FLEEEEING.
  7945 | D:7      | 7945 ||| FLEEEEING.
  7946 | D:7      | 7946 ||| STAIRDANCE
  8014 | D:6      | 8014 ||| UPGRADING to +3 kite shield of Puont {rElec
                  | Stlth+}.
  8024 | D:6      | 8024 ||| DROPPING +0 buckler.
  8025 | D:6      | 8025 ||| UPGRADING to ring of resist corrosion.
  8037 | D:7      | Found a glowing silver altar of Zin.
  8284 | D:7      | Found an opulent altar of Gozag.
  8316 | D:7      | 8316 ||| Stepping ~*~*~tactically~*~*~ (stealth).
  8317 | D:7      | 8317 ||| Stepping ~*~*~tactically~*~*~ (stealth).
  8526 | D:7      | 8526 ||| Stepping ~*~*~tactically~*~*~ (stealth).
  8529 | D:7      | Reached XP level 10. HP: 59/59 MP: 14/14
  8534 | D:7      | 8534 ||| DROPPING +0 flail.
  8682 | D:7      | Found an iron altar of Okawaru.
  8690 | D:7      | Became a worshipper of Warmaster Okawaru
  8691 | D:7      | 8691 ||| READING scroll labelled JAUNWYE FEJO.
  8692 | D:7      | 8692 ||| DRINKING 2 fizzy emerald potions.
  8797 | D:7      | 8797 ||| DRINKING 2 green potions.
  8798 | D:7      | 8798 ||| READING 2 scrolls of identify.
  8798 | D:7      | 8798 ||| IDENTIFYING fuming silvery potion
  8799 | D:7      | 8799 ||| DROPPING potion of berserk rage.
  8800 | D:7      | 8800 ||| DROPPING potion of degeneration.
  9181 | D:8      | 9181 ||| Stepping ~*~*~tactically~*~*~ (stealth).
  9355 | D:8      | 9355 ||| Stepping ~*~*~tactically~*~*~ (stealth).
  9358 | D:8      | 9358 ||| Stepping ~*~*~tactically~*~*~ (stealth).
  9368 | D:8      | Reached skill level 6 in Shields
  9467 | D:8      | Reached * piety under Okawaru
  9819 | D:8      | 9819 ||| READING 2 scrolls labelled XILIROU DUSMUO.
  9820 | D:8      | 9820 ||| READING 2 scrolls of identify.
  9820 | D:8      | 9820 ||| IDENTIFYING glowing pink potion
  9821 | D:8      | 9821 ||| DROPPING scroll of noise.
  9876 | D:9      | 9876 ||| INVOKING Heroism.
  9900 | D:9      | 9900 ||| INVOKING Heroism.
  9912 | D:9      | 9912 ||| INVOKING Heroism.
  9923 | D:9      | 9923 ||| INVOKING Heroism.
  9928 | D:9      | HP: 7/59 [warg (12)]
  9932 | D:9      | Reached skill level 1 in Invocations
  9951 | D:9      | 9951 ||| INVOKING Heroism.
 10254 | D:9      | 10254 ||| INVOKING Heroism.
 10396 | D:9      | Paralysed by a hornet for 3 turns
 10402 | D:9      | 10402 ||| INVOKING Heroism.
 10402 | D:9      | Paralysed by a hornet for 2 turns
 10405 | D:9      | HP: 14/59 [poisoned by a hornet]
 10406 | D:9      | HP: 4/59 [poisoned by a hornet]
 10406 | D:9      | Slain by a hornet

Levels and vault maps discovered:
D:1:      dpeg_arrival_simpleton_c, layout_rooms
D:2:      layout_loops_ring, basic_altar, ebering_ecumenical_altar_rust,
          st_stairs_8
D:3:      layout_loops_cross, fiery_altar_vehumet,
          amethyst_overflow_temple_binary, mainiacjoe_overflow_tiny_flanked,
          minmay_crystal_room, uniq_natasha
D:4:      minmay_chambers_of_twos, layout_loops_cross, serial_shops, shop,
          uniq_menkaure, uniq_grinder, uniq_sigmund, uniq_robin
D:5:      layout_rooms, minmay_temple_entry_steel_oval,
          ebering_ghost_rock_garden
D:6:      layout_basic, nicolae_wu_jian_immortal_techniques,
          cheibrodos_sewer_entry_bend, kennysheep_big_empty_room,
          kennysheep_generic_room_6
D:7:      layout_loops_ring, pdpol_temple_overflow_zin_treasury_gozag_greed,
          okawaru_altar_gauntlet_db
D:8:      layout_loops_ring, nicolae_titane
D:9:      layout_long_grid, minmay_orc_entry_guard_dogs
Temple:   dshaligram_water_room_temple

Skill      XL: |  1  2  3  4  5  6  7  8  9 10 |
---------------+-------------------------------+-----
Axes           | 3 4 5 6 7 8 10 12 | 12.1
Shields        | 3 4 7 |  7.0
Fighting       | 3 4 5 |  5.0
Armour         | 4 5 |  5.3
Dodging        | 3 |  3.1
Invocations    | 1 |  1.7
Throwing       | |  1.0
Spellcasting   | |  2.0
Translocations | |  2.4

Action                   |  1- 3 |  4- 6 |  7- 9 | 10-12 || total
-------------------------+-------+-------+-------+-------++-------
Melee: Hand axe          |    62 |    53 |   242 |       ||   357
       Kick              |    15 |    10 |   118 |    47 ||   190
       Peck              |     9 |    12 |    65 |    21 ||   107
       Punch             |     2 |       |       |       ||     2
       War axe           |       |       |   105 |   137 ||   242
Throw: Boomerang         |    35 |    13 |    53 |    18 ||   119
Invok: Heroism           |       |       |       |     7 ||     7
  Use: Scroll            |     5 |     6 |     4 |     4 ||    19
       Potion            |       |     3 |     2 |     2 ||     7
 Stab: Distracted        |       |       |     1 |       ||     1
Armor: Leather armour    |     3 |       |       |       ||     3
       Scale mail        |    15 |    11 |    17 |       ||    43
       Chain mail        |       |       |    21 |       ||    21
       Plate armour      |       |       |    95 |    50 ||   145
Dodge: Dodged            |    25 |    23 |    73 |    22 ||   143
Block: Buckler           |       |     1 |    43 |       ||    44
       Kite shield       |       |       |    12 |    87 ||    99

Table legend:
 A = Non-vault XP
 B = Vault XP
 C = Vault XP percentage of total XP
 D = Non-vault monster count
 E = Vault monster count
 F = Vault count percentage of total count
                 A         B        C        D         E       F
            +---------+---------+-------+---------+---------+-------
      Total |    5154 |    1499 |  22.5 |     151 |      34 |  18.4
            +---------+---------+-------+---------+---------+-------
        D:1 |      35 |       0 |   0.0 |      16 |       0 |   0.0
        D:2 |      45 |       5 |  10.0 |      13 |       3 |  18.8
        D:3 |     207 |      35 |  14.5 |      15 |       1 |   6.2
        D:4 |     420 |     763 |  64.5 |      20 |      17 |  45.9
        D:5 |     490 |       0 |   0.0 |      13 |       0 |   0.0
        D:6 |    1320 |     181 |  12.1 |      26 |       5 |  16.1
        D:7 |    1162 |      23 |   1.9 |      20 |       5 |  20.0
        D:8 |    1042 |       0 |   0.0 |      14 |       0 |   0.0
        D:9 |     433 |     492 |  53.2 |      14 |       3 |  17.6
            +---------+---------+-------+---------+---------+-------
